 Dungeon Crawl Stone Soup version 0.20-a0-259-gc929cd2 (webtiles) character file.

401975 tboon the Executioner (level 22, -8/217 HPs)
             Began as a Minotaur Fighter on Dec 1, 2016.
             Was a High Priest of Okawaru.
             Killed from afar by a golden dragon (56 damage)
             ... with a bolt of cold
             ... on level 4 of the Depths on Dec 2, 2016.
             The game lasted 03:19:16 (43878 turns).

tboon the Executioner (Minotaur Fighter)           Turns: 43878, Time: 03:19:17

Health: -8/217     AC: 53    Str: 29    XL:     22   Next: 30%
Magic:  27/30      EV: 22    Int: 10    God:    Okawaru [*****.]
Gold:   3259       SH: 16    Dex: 19    Spells: 21/21 levels left

rFire  . . .     SeeInvis +     W - +8 mithril axe "Arga" {speed, MR+}
rCold  . . .     Gourm    .     k - +10 crystal plate armour "Rautuwn" {rPois Str+4 SInv}
rNeg   + . .     Faith    .     d - +1 shield {reflect}
rPois  +         Spirit   .     C - +2 hat
rElec  .         Reflect  +     n - +1 cloak {MR+}
rCorr  .         Harm     .     y - +2 pair of gloves {Str+3}
MR     +++..                    A - +1 pair of boots {Fly}
Stlth  ..........               O - amulet of regeneration {+regen, !d}
                                I - +3 ring of dexterity
                                l - ring of positive energy {rN+}

@: heroism, finesse, flying
A: retaliatory headbutt, horns 2, blurry vision 1, clever 1, no device heal 1
}: 2/15 runes: barnacled, gossamer
a: Heroism, Finesse, Renounce Religion, Stop Flying


You were on level 4 of the Depths.
You worshipped Okawaru.
Okawaru was extremely pleased with you.
You were hungry.

You visited 8 branches of the dungeon, and saw 40 of its levels.
You also visited: Sewer and Ice Cave.

You collected 4073 gold pieces.
You spent 814 gold pieces at shops.

Inventory:

Hand Weapons
 M - the +9 battleaxe "Caipluwau" {protect, rN+}
   (You found it on level 1 of the Depths)

   It protects the one who uses it against injury (+AC on strike).
   It protects you from negative energy.
 U - the +5 demon whip "Spellbinder" {antimagic, MR+}
   (Okawaru gifted it to you on level 4 of the Spider Nest)

   It reduces the magical energy of the wielder, and disrupts the spells and
   magical abilities of those hit.
   Natural abilities and divine invocations are not affected.
   It affects your resistance to hostile enchantments.
 W - the +8 mithril axe "Arga" (weapon) {speed, MR+}
   (You found it on level 6 of the Lair of Beasts)

   Attacks with this weapon are significantly faster.
   It affects your resistance to hostile enchantments.
Armour
 d - a +1 shield of reflection (worn)
   (You found it on level 15 of the Dungeon)
 k - the +10 crystal plate armour "Rautuwn" (worn) {rPois Str+4 SInv}
   (Okawaru gifted it to you on level 4 of the Spider Nest)

   It affects your strength (+4).
   It protects you from poison.
   It lets you see invisible.
 n - a +1 cloak of magic resistance (worn)
   (You took it off Nikola on level 3 of the Shoals)
 y - a +2 pair of gloves of strength (worn)
   (Okawaru gifted it to you on level 4 of the Lair of Beasts)
 A - a +1 pair of boots of flying (worn)
   (Okawaru gifted it to you on level 6 of the Lair of Beasts)
 C - a +2 hat (worn)
   (You found it on level 13 of the Dungeon)
Jewellery
 l - a ring of positive energy (left hand) {rN+}
   (You found it on level 1 of the Spider Nest)
 I - a +3 ring of dexterity (right hand)
   (You found it on level 9 of the Dungeon)
 O - an amulet of regeneration (around neck) {+regen, !d}
   (You bought it in a shop on level 3 of the Depths)
 R - an uncursed ring of ice {unknown}
   (You found it on level 4 of the Depths)
 V - a +2 ring of dexterity
   (You found it on level 3 of the Depths)
Wands
 r - a wand of hasting (9/9)
   (You took it off Duvessa on level 6 of the Dungeon)
 w - a wand of heal wounds (0/9)
   (You found it on level 5 of the Dungeon)
 B - a wand of acid (6/15)
   (You found it on level 3 of the Lair of Beasts)
 H - a wand of teleportation (8/9)
   (You found it on level 7 of the Dungeon)
 N - a wand of iceblast (8/15)
   (You found it on level 2 of the Depths)
 S - a wand of digging (12/24)
   (You found it on level 3 of the Depths)
 T - a wand of digging (2/24)
   (You found it on level 3 of the Lair of Beasts)
 X - a wand of slowing (29/48)
   (You found it on level 4 of the Depths)
Scrolls
 e - 4 scrolls of magic mapping {!r}
 h - 17 scrolls of remove curse
 i - 7 scrolls of fog
 j - 2 scrolls of enchant weapon
 m - 18 scrolls of teleportation
 E - 3 scrolls of recharging
 L - 3 scrolls of blinking {!r}
 Q - 11 scrolls of fear
Potions
 a - 4 potions of brilliance
 b - a potion of resistance
 o - 10 potions of curing
 t - 5 potions of might
 u - 4 potions of agility
 v - 3 potions of cancellation
 x - a potion of ambrosia
 D - 2 potions of magic
 F - 5 potions of haste
 G - 2 potions of invisibility
 J - a potion of berserk rage {!q}
 K - a potion of cure mutation {!q}
Comestibles
 f - 25 bread rations
 p - 25 meat rations
 q - 5 fruits
 s - 13 royal jellies
 z - 2 beef jerkies
 P - a slice of pizza


   Skills:
 + Level 22.4(27) Fighting
 + Level 23.5(27) Axes
 + Level 21.5(26.5) Armour
 + Level 17.3(22.3) Dodging
 * Level 9.6(14.6) Shields
 - Level 12.5 Invocations


You had 21 spell levels left.
You didn't know any spells.

Dungeon Overview and Level Annotations

Branches:
Dungeon (15/15)            Temple (1/1) D:4            Lair (6/6) D:11
 Shoals (4/4) Lair:3       Spider (4/4) Lair:2        Slime (0/5) Lair:5
    Orc (2/2) D:12            Elf (0/3) Orc:2        Vaults (4/5) D:13
  Crypt (0/3) Vaults:3     Depths (4/5) D:15

Altars:
Ashenzari
Cheibriados
Dithmenos
Fedhas
Hepliaklqana
Kikubaaqudgha
Makhleb
Okawaru
Qazlal
Ru
Trog
Uskayaw
Vehumet
Xom
Yredelemnul
Zin
Beogh
Jiyva

Shops:
D:4 ([*[(   D:8 %   D:9 %   D:14 *   Orc:2 =(*[   Shoals:2 }?}(   Vaults:4 [
Depths:3 }==

Portals:
Hell: Depths:1 Depths:2 Depths:3 Depths:4
Abyss: Depths:1 Depths:4
Pandemonium: Depths:3
Ziggurat: Depths:2
Trove: Depths:2 (give +5 demon blade)

Annotations:
Lair:3 exclusion: oklob plant
Lair:5 1 runed door, exclusion: oklob plant


Innate Abilities, Weirdness & Mutations

You reflexively headbutt those who attack you in melee.
You have a pair of horns on your head.
Scrolls take you a little longer to read.
Your mind is acute. (Int +2)
Potions and wands are less effective at restoring your health.


Message History

The lich is heavily damaged.
The lich closely misses you. You furiously retaliate!
You headbutt the lich! You slice the lich!!
You destroy the lich!
Okawaru accepts your kill.
You slash the spriggan air mage!
Your headbutt misses the spriggan air mage.
The spriggan air mage is moderately wounded.
You slash the spriggan air mage!
Your headbutt misses the spriggan air mage.
The spriggan air mage is heavily wounded.
You hit the spriggan air mage.
The spriggan air mage is heavily wounded.
You block the spriggan air mage's attack.
You closely miss the spriggan air mage.
The spriggan air mage is heavily wounded.
You closely miss the spriggan air mage.
The spriggan air mage is heavily wounded.
A tengu reaver comes into view.
It is wielding a great sword of protection.
You slice the spriggan air mage!!
You kill the spriggan air mage!
Okawaru accepts your kill.
The tengu reaver hits you but does no damage.
You block the tengu reaver's attack.
The tengu reaver claws you but does no damage.
You carve the tengu reaver like a turkey!!!
You headbutt the tengu reaver.
The tengu reaver is severely wounded.
You hear a deafening roar!
You slash the tengu reaver! You headbutt the tengu reaver!
The tengu reaver is almost dead.
You slice the tengu reaver!!
You kill the tengu reaver!
Okawaru accepts your kill.
Your life force feels restored.
Evoke which item? (* to show all) (? for menu, Esc to quit)
Zapping:
w - a wand of heal wounds (1/9)
Press: ? - help, Shift-Dir - straight line, f - you Your system partially rejects the healing.
You feel much better.
This wand has 0 charges left.
The iron dragon breathes metal splinters at you.
The spray of metal splinters misses you.
Your system partially rejects the healing.
You feel much better.
You carve the iron dragon like a ham!!!
The iron dragon is moderately wounded.
You hear a deafening roar!
You hit the iron dragon but do no damage.
You headbutt the iron dragon!
The iron dragon is moderately wounded.
You slash the iron dragon!
The iron dragon is heavily wounded.
The iron dragon bites you but does no damage.
The iron dragon claws you but does no damage.
The iron dragon misses you.
Your crystal plate armour "Rautuwn" prevents you from hitting the iron dragon.
You headbutt the iron dragon!
The iron dragon is severely wounded.
You slash the iron dragon!
You headbutt the iron dragon, but do no damage.
The iron dragon is severely wounded.
You slice the iron dragon!!
The iron dragon is almost dead.
You hit the iron dragon but do no damage.
You headbutt the iron dragon!
The iron dragon is almost dead.
The iron dragon breathes metal splinters at you.
The spray of metal splinters misses you.
You hit the iron dragon but do no damage.
The iron dragon is almost dead.
You slash the iron dragon!
You kill the iron dragon!
Okawaru accepts your kill.
You cut the sphinx into ribbons!!!
You headbutt the sphinx, but do no damage.
The sphinx is heavily wounded.
You slash the sphinx! You headbutt the sphinx.
The sphinx is severely wounded.
You block the sphinx's attack. The sphinx barely misses you.
You block the sphinx's attack.
You slice the sphinx like a ripe choko!!!
You kill the sphinx!
Okawaru accepts your kill.
A golden dragon and a frost giant come into view.
The frost giant is wielding a battleaxe of freezing.
The frost giant shouts!
The golden dragon roars deafeningly!
Items here: )) [[[ †† You hit the frost giant.
The frost giant is lightly wounded.
You block the frost giant's attack.
You slice the frost giant!! You headbutt the frost giant!!
The frost giant is moderately wounded.
You slice the frost giant!!
The frost giant is heavily wounded.
You hit the frost giant. You headbutt the frost giant.
The frost giant is severely wounded.
The golden dragon breathes cold at you.
The bolt of cold hits the frost giant.
The frost giant resists.
The bolt of cold hits you!
You die...

.....[...(..........
.....[..............
...................
.................. #
.................### ...
...................# #....
...................#......
>......................#
......##.##....#@#######
.....##...##...#C#..#.#
.....#.....#...##.#.#E#
.(...#..>..#...#.#D#.#
.....#.....#...####D#
.....##...##...#..)#.#
(..(..#####....#....#.#
...............#####.#.#
...............# ..#.#


You could see a golden dragon, a storm dragon and a frost giant.

Vanquished Creatures
  Mara (Spider:4)
  A juggernaut (Depths:3)
  Margery (Vaults:2)
  2 caustic shrikes (Depths:4)
  Bai Suzhen (Shoals:4)
  Xtahua (Vaults:3)
  Nikola (Shoals:3)
  2 golden dragons (Depths:4)
  4 liches
  A tentacled monstrosity (Depths:3)
  2 sphinxes
  Kirke (Lair:4)
  A shadow dragon (Depths:4)
  Agnes (Depths:1)
  2 tengu reavers (Depths:4)
  A kraken (Shoals:1)
  Ilsuiw (Shoals:3)
  The ghost of deifeln the Severer, an adept FoFi of Okawaru (IceCv)
  An azure jelly (shapeshifter) (Depths:2)
  5 fire giants
  An iron dragon (Depths:4)
  6 vault wardens
  8 emperor scorpions
  2 deep elf sorcerers
  3 frost giants
  3 ghost moths
  3 orc warlords (Orc:2)
  9 ironheart preservers
  11 very ugly things
  3 spriggan defenders
  16 stone giants
  5 vampire knights
  3 entropy weavers
  3 deep elf demonologists
  A deep elf annihilator (Vaults:2)
  A spark wasp (Spider:3)
  2 deep elf death magi
  Snorg (Lair:3)
  11 ettins
  4 merfolk javelineers
  12 merfolk impalers
  9 fire dragons
  11 yaktaur captains
  7 ice dragons
  2 vault guards (Vaults:1)
  An ice dragon (shapeshifter) (D:15)
  3 great orbs of eyes
  6 rakshasas
  2 spriggan air magi
  10 centaur warriors
  4 hydras
  Erica (D:9)
  2 catoblepae
  5 merfolk aquamancers
  3 death knights
  3 merfolk avatars
  2 tengu warriors
  7 deep troll earth magi
  4 satyrs
  9 deep troll shamans
  A death yak (Lair:6)
  7 ogre magi
  2 spriggan berserkers
  An orc high priest (Orc:2)
  2 vampire magi
  Urug (Lair:3)
  17 skeletal warriors
  3 deep elf knights
  Sonja (D:15)
  3 iron trolls
  11 hell knights
  2 storm dragon skeletons
  11 sea snakes
  7 deep elf archers
  2 glowing orange brains
  4 unseen horrors
  5 wizards
  27 deep trolls
  7 flayed ghosts
  A swamp dragon (shapeshifter) (Vaults:4)
  2 phantasmal warriors
  A mana viper (shapeshifter) (Vaults:2)
  13 orb spiders
  9 hill giants
  13 orc knights
  12 ironbrand convokers
  18 deep elf magi
  25 harpies
  5 necromancers
  11 cyclopes
  A tengu skeleton (Vaults:3)
  A cyclops (shapeshifter) (Vaults:4)
  5 orc sorcerers
  28 wolf spiders
  41 ugly things
  9 wolf spider zombies (Spider:1)
  An orb spider (shapeshifter) (Vaults:4)
  7 manticores
  A fire giant zombie (Depths:1)
  7 vault sentinels
  11 fauns
  2 centaur zombies (D:15)
  9 elephants
  5 water nymphs
  5 ice statues (IceCv)
  9 merfolk sirens
  A guardian serpent (shapeshifter) (D:15)
  A fire giant skeleton (Vaults:3)
  A stone giant skeleton (Depths:1)
  A black mamba (shapeshifter) (Vaults:4)
  2 gargoyles
  2 torpor snails
  6 black mambas
  26 spiny frogs
  41 yaktaurs
  3 komodo dragons
  A kobold demonologist (D:12)
  2 yaktaurs (shapeshifter)
  2 rime drakes (Lair:5)
  6 freezing wraiths
  2 golden dragon simulacra (IceCv)
  5 demonic crawlers
  4 tengu conjurers
  12 redback zombies (Spider:1)
  A red devil (Depths:4)
  4 human skeletons
  6 hornets
  6 meliai
  16 jumping spiders
  10 trolls
  2 hornets (shapeshifter)
  31 merfolk
  2 wind drakes (shapeshifter)
  A sphinx simulacrum (Vaults:4)
  30 blink frogs
  9 two-headed ogres
  3 queen bees
  A two-headed ogre (shapeshifter) (Vaults:3)
  4 tyrant leeches (Lair:6)
  7 snapping turtles
  22 slime creatures
  11 dream sheep
  A hippogriff (shapeshifter) (Depths:3)
  12 hippogriffs
  A fire dragon zombie (Depths:1)
  10 tarantella zombies (Spider:1)
  2 spriggans
  5 wyverns
  66 redbacks
  3 vampires
  8 water elementals
  2 shadows (D:15)
  8 basilisks
  29 yaks
  Eustachio (D:4)
  An ettin skeleton (Vaults:3)
  24 tarantellas
  An elf simulacrum (Depths:1)
  A hog (shapeshifter) (D:15)
  17 humans
  5 hogs (Lair:4)
  4 hungry ghosts
  2 harpy simulacra (IceCv)
  2 iron troll simulacra (IceCv)
  Edmund (D:6)
  8 vampire mosquitoes
  2 steam dragons (Lair:3)
  5 wargs
  A soldier ant (D:13)
  3 acid dragons
  14 water moccasins
  Duvessa (D:6)
  7 porcupines
  3 deep troll skeletons (Vaults:3)
  2 hydra simulacra (IceCv)
  12 ice beasts
  3 sky beasts
  An ettin simulacrum (IceCv)
  45 orc warriors
  4 phantoms
  36 ogres
  9 boggarts
  An eye of draining (shapeshifter) (Depths:3)
  14 wolves (Lair:3)
  25 centaurs
  14 crocodiles
  An elf skeleton (Vaults:4)
  31 bullfrogs
  4 big kobolds
  Dowan (D:6)
  A wyvern zombie (D:15)
  A deep troll simulacrum (Vaults:1)
  4 scorpions
  59 killer bees
  A human simulacrum (Vaults:1)
  2 electric eels
  A howler monkey (D:10)
  20 wights
  A howler monkey (shapeshifter) (Depths:3)
  8 crimson imps
  A quasit (D:5)
  2 bullfrog zombies
  3 jellies
  7 hounds
  16 orc priests
  29 orc wizards
  2 bullfrog skeletons
  An iron imp (Depths:1)
  9 centaur skeletons
  2 iguanas
  12 worker ants
  A hound zombie (D:9)
  2 hound skeletons
  A worker ant zombie (D:10)
  3 gnolls (D:6)
  A howler monkey skeleton (D:5)
  7 adders
  4 river rats
  5 shadow imps
  2 oozes
  An adder zombie (D:6)
  A worm (D:3)
  A dart slug (D:2)
  8 leopard geckos
  70 orcs
  7 bats
  3 giant cockroaches
  6 goblins
  6 hobgoblins
  13 jackals
  2 quokkas
  6 frilled lizards
  A jackal zombie (D:6)
  27 kobolds
  A quokka skeleton (D:4)
  8 rats
  3 bushes
  3 fungi
  20 plants
  3 tentacles (Shoals:1)
1731 creatures vanquished.

Vanquished Creatures (others)
  A stone giant (Vaults:3)
  A yaktaur captain (Depths:2)
  A centaur warrior (Vaults:1)
  A deep elf archer (Vaults:1)
  A deep elf mage (Vaults:1)
  2 yaktaurs
  2 humans
  A bullfrog (Lair:4)
  A killer bee (Lair:3)
  8 fungi
  38 plants
  4 tentacles (Shoals:1)
  14 toadstools (Lair:5)
  A withered plant (D:15)
76 creatures vanquished.

Grand Total: 1807 creatures vanquished

Notes
Turn   | Place    | Note
-------+----------+-------------------------------------------
     0 | D:1      | tboon the Minotaur Fighter began the quest for the Orb.
     0 | D:1      | Reached XP level 1. HP: 19/19 MP: 0/0
    63 | D:1      | Reached skill level 4 in Fighting
   102 | D:1      | Reached XP level 2. HP: 25/27 MP: 1/1
   136 | D:1      | Reached skill level 3 in Axes
  1041 | D:2      | Reached XP level 3. HP: 28/33 MP: 2/2
  1407 | D:2      | Reached skill level 4 in Axes
  1892 | D:3      | Reached XP level 4. HP: 31/41 MP: 3/3
  1907 | D:3      | Found a glowing drain.
  1911 | Sewer    | Entered a sewer
  2033 | Sewer    | Noticed a crocodile
  2045 | Sewer    | Killed a crocodile
  2045 | Sewer    | Reached skill level 5 in Fighting
  2045 | Sewer    | Reached skill level 5 in Axes
  2045 | Sewer    | Reached XP level 5. HP: 41/48 MP: 4/4
  2601 | D:3      | Found a hazy altar of Hepliaklqana.
  2676 | D:3      | Reached skill level 6 in Axes
  2676 | D:3      | Reached XP level 6. HP: 37/57 MP: 5/5
  3134 | D:4      | Noticed Eustachio
  3151 | D:4      | Killed Eustachio
  3151 | D:4      | Reached skill level 6 in Fighting
  3151 | D:4      | Reached skill level 7 in Axes
  3218 | D:4      | Found Lisiuxkoudd's Armour Boutique.
  3226 | D:4      | Bought a +1 hat for 132 gold pieces
  3269 | D:4      | Reached XP level 7. HP: 63/64 MP: 6/6
  3448 | D:4      | Found Zuxeanash's Antique Weapon Emporium.
  3585 | D:4      | Found Gitisch's Assorted Antiques.
  3700 | D:4      | Found Bon Isach's Weapon Shoppe.
  3793 | D:4      | Found Fap Aby's Antique Armour Boutique.
  3794 | D:4      | Found a staircase to the Ecumenical Temple.
  3808 | Temple   | Entered the Ecumenical Temple
  3872 | Temple   | Became a worshipper of Warmaster Okawaru
  4051 | D:4      | Reached skill level 8 in Axes
  4258 | D:5      | Entered Level 5 of the Dungeon
  4311 | D:5      | Reached skill level 7 in Fighting
  4451 | D:5      | Reached * piety under Okawaru
  4504 | D:5      | Reached skill level 9 in Axes
  4830 | D:5      | Reached XP level 8. HP: 68/73 MP: 7/7
  5241 | D:6      | Noticed Duvessa
  5252 | D:6      | Noticed Dowan
  5261 | D:6      | Killed Duvessa
  5265 | D:6      | HP: 17/74 [poisoned by Duvessa]
  5269 | D:6      | HP: 8/74 [poisoned by Duvessa]
  5274 | D:5      | HP: 4/74 [poisoned by Duvessa]
  5558 | D:6      | Killed Dowan
  5558 | D:6      | Reached skill level 10 in Axes
  5592 | D:6      | Reached skill level 8 in Fighting
  5609 | D:6      | Noticed Edmund
  5622 | D:6      | Killed Edmund
  5622 | D:6      | Reached skill level 1 in Invocations
  5835 | D:6      | Found a shimmering altar of Xom.
  5852 | D:6      | Got a pitted scale mail
  6197 | D:6      | Reached ** piety under Okawaru
  6197 | D:6      | Reached skill level 2 in Invocations
  6213 | D:6      | Reached skill level 11 in Axes
  6408 | D:6      | Found a shadowy altar of Dithmenos.
  6452 | D:6      | Reached XP level 9. HP: 70/82 MP: 9/9
  6671 | D:6      | Identified the +6 scale mail of the Komodo Dragon {-Cast rPois Regen+ SInv} (You found it on level 6 of the Dungeon)
  6680 | D:7      | Found a basalt altar of Yredelemnul.
  6683 | D:7      | Reached skill level 3 in Invocations
  6687 | D:7      | Reached skill level 9 in Fighting
  6953 | D:7      | Reached skill level 12 in Axes
  6956 | D:7      | Reached *** piety under Okawaru
  6976 | D:7      | Found a hide-covered altar of Uskayaw.
  7080 | D:7      | Found a burning altar of Makhleb.
  7126 | D:7      | Reached skill level 4 in Invocations
  7180 | D:7      | Noticed a balrug
  7408 | D:8      | Reached skill level 10 in Fighting
  7447 | D:8      | Found Zauhiq's Food Emporium.
  7670 | D:8      | Reached XP level 10. HP: 93/93 MP: 12/12
  7704 | D:8      | Reached skill level 5 in Invocations
  8035 | D:9      | Reached skill level 13 in Axes
  8053 | D:9      | Found Hous's Food Shop.
  8122 | D:9      | Reached **** piety under Okawaru
  8427 | D:9      | Noticed Erica
  8448 | D:9      | Killed Erica
  8473 | D:9      | Found a glowing silver altar of Zin.
  8475 | D:9      | Found a stormy altar of Qazlal.
  8475 | D:9      | Found a blossoming altar of Fedhas.
  8488 | D:9      | Found a shattered altar of Ashenzari.
  8559 | D:9      | Reached skill level 14 in Axes
  8709 | D:9      | Found an ancient bone altar of Kikubaaqudgha.
  9029 | D:10     | Entered Level 10 of the Dungeon
  9281 | D:10     | Reached skill level 6 in Invocations
  9407 | D:10     | Noticed a hill giant
  9428 | D:10     | Killed a hill giant
  9428 | D:10     | Reached skill level 11 in Fighting
  9477 | D:10     | Noticed a hill giant
  9493 | D:10     | Killed a hill giant
 10068 | D:11     | Reached XP level 11. HP: 101/102 MP: 13/15
 10073 | D:11     | Noticed an unseen horror
 10090 | D:11     | Killed an unseen horror
 10090 | D:11     | Reached ***** piety under Okawaru
 10098 | D:11     | Noticed a hill giant
 10105 | D:11     | Killed a hill giant
 10105 | D:11     | Received a gift from Okawaru
 10109 | D:11     | Reached skill level 7 in Invocations
 10110 | D:11     | Reached skill level 15 in Axes
 10133 | D:11     | Found a staircase to the Lair.
 10619 | D:11     | Received a gift from Okawaru
 10795 | D:11     | Noticed a deep elf mage
 10800 | D:11     | Killed a deep elf mage
 10815 | Lair:1   | Entered Level 1 of the Lair of Beasts
 10867 | Lair:1   | Reached skill level 12 in Fighting
 11114 | Lair:1   | Reached skill level 8 in Invocations
 11146 | Lair:1   | Reached skill level 16 in Axes
 11154 | Lair:1   | Received a gift from Okawaru
 11593 | Lair:2   | Reached XP level 12. HP: 95/113 MP: 17/17
 11729 | Lair:2   | Found a hole to the Spider Nest.
 12740 | Lair:3   | Noticed Snorg
 12767 | Lair:3   | Killed Snorg
 12767 | Lair:3   | Received a gift from Okawaru
 12769 | Lair:3   | Received a gift from Okawaru
 12778 | Lair:3   | Got an ichor-stained chain mail {god gift}
 12794 | Lair:3   | Reached skill level 17 in Axes
 12902 | Lair:3   | Reached skill level 13 in Fighting
 12913 | Lair:3   | Reached skill level 9 in Invocations
 12930 | Lair:3   | Noticed a catoblepas
 12937 | Lair:3   | Killed a catoblepas
 13271 | Lair:3   | Noticed Urug
 13293 | Lair:3   | Killed Urug
 13383 | Lair:3   | Found a staircase to the Shoals.
 13573 | Lair:3   | Reached skill level 18 in Axes
 14254 | Lair:4   | Received a gift from Okawaru
 14285 | Lair:4   | Reached XP level 13. HP: 123/123 MP: 19/19
 14381 | Lair:4   | Noticed Kirke
 14415 | Lair:4   | Killed Kirke
 14415 | Lair:4   | Received a gift from Okawaru
 14415 | Lair:4   | Reached skill level 10 in Invocations
 14816 | Lair:4   | Got a polished leather armour
 14999 | Lair:5   | Found a runed door.
 14999 | Lair:5   | Found a viscous altar of Jiyva.
 15007 | Lair:5   | Reached skill level 14 in Fighting
 15149 | Lair:5   | Found a staircase to the Slime Pits.
 15153 | Lair:5   | Found a blossoming altar of Fedhas.
 15873 | Lair:5   | Identified the +1 chain mail "Rasoomakk" {rElec rPois Int+2 Dex+3} (Okawaru gifted it to you on level 3 of the Lair of Beasts)
 15888 | Lair:6   | Entered Level 6 of the Lair of Beasts
 15963 | Lair:6   | Reached ****** piety under Okawaru
 15970 | Lair:6   | Reached skill level 19 in Axes
 16027 | Lair:6   | Received a gift from Okawaru
 16071 | Lair:6   | Reached skill level 11 in Invocations
 16150 | Lair:6   | Reached XP level 14. HP: 113/133 MP: 21/21
 16344 | Lair:6   | Reached skill level 15 in Fighting
 16522 | Lair:6   | Reached skill level 20 in Axes
 16712 | Lair:6   | Received a gift from Okawaru
 17388 | Spider:1 | Entered Level 1 of the Spider Nest
 17397 | Spider:1 | Reached skill level 4 in Armour
 17432 | Spider:1 | Reached skill level 1 in Dodging
 17435 | Spider:1 | Reached skill level 5 in Armour
 17469 | Spider:1 | Reached skill level 2 in Dodging
 17524 | Spider:1 | Reached skill level 6 in Armour
 17720 | Spider:2 | Reached skill level 3 in Dodging
 17730 | Spider:2 | Reached skill level 7 in Armour
 17972 | Spider:2 | Noticed a ghost moth
 17980 | Spider:2 | Killed a ghost moth
 17991 | Spider:2 | Received a gift from Okawaru
 17994 | Spider:2 | Reached skill level 12 in Invocations
 18000 | Spider:2 | Reached skill level 8 in Armour
 18000 | Spider:2 | Reached skill level 4 in Dodging
 18150 | Spider:2 | Noticed an emperor scorpion
 18162 | Spider:2 | Killed an emperor scorpion
 18405 | Spider:2 | Reached XP level 15. HP: 143/143 MP: 23/23
 18693 | Spider:3 | Reached skill level 9 in Armour
 18715 | Spider:3 | Reached skill level 16 in Fighting
 18726 | Spider:3 | Found a frozen archway.
 18749 | IceCv    | Entered an ice cave
 18749 | IceCv    | Noticed deifeln's ghost (adept FoFi)
 18767 | IceCv    | Killed deifeln's ghost
 18767 | IceCv    | Reached skill level 5 in Dodging
 19308 | Spider:3 | Reached skill level 10 in Armour
 19578 | Spider:3 | Received a gift from Okawaru
 20068 | Spider:4 | Entered Level 4 of the Spider Nest
 20075 | Spider:4 | Reached skill level 6 in Dodging
 20291 | Spider:4 | Reached skill level 11 in Armour
 20295 | Spider:4 | Noticed Mara
 20308 | Spider:4 | Noticed tboon's illusion
 20343 | Spider:4 | Killed Mara
 20343 | Spider:4 | Received a gift from Okawaru
 20343 | Spider:4 | Reached skill level 7 in Dodging
 20511 | Spider:4 | Reached skill level 12 in Armour
 20816 | Spider:4 | Received a gift from Okawaru
 20816 | Spider:4 | Reached XP level 16. HP: 125/154 MP: 24/24
 21028 | Spider:4 | Reached skill level 17 in Fighting
 21040 | Spider:4 | Reached skill level 8 in Dodging
 21394 | Spider:4 | Reached skill level 13 in Armour
 21423 | Spider:4 | Received a gift from Okawaru
 21425 | Spider:4 | Got a shimmering crystal plate armour {god gift}
 21495 | Spider:4 | Got a gossamer rune of Zot
 21579 | Spider:4 | Identified the +10 crystal plate armour "Rautuwn" {rPois Str+4 SInv} (Okawaru gifted it to you on level 4 of the Spider Nest)
 21634 | Spider:4 | Reached skill level 9 in Dodging
 21841 | Shoals:1 | Entered Level 1 of the Shoals
 22019 | Shoals:1 | Got a scorched pewter amulet
 22183 | Shoals:1 | Reached skill level 14 in Armour
 22316 | Shoals:1 | Noticed a kraken
 22331 | Shoals:1 | Killed a kraken
 22763 | Shoals:2 | Found Cunk's Gadget Shop.
 22789 | Shoals:2 | Found Jeuskon's Magic Scroll Boutique.
 23017 | Shoals:2 | Bought a scroll of blinking for 127 gold pieces
 23017 | Shoals:2 | Bought a scroll of identify for 34 gold pieces
 23017 | Shoals:2 | Bought a scroll of recharging for 161 gold pieces
 23179 | Shoals:2 | Found Radurr's Weapon Boutique.
 23366 | Shoals:2 | Found Intiomox's Gadget Boutique.
 23743 | Shoals:3 | Reached skill level 15 in Armour
 23776 | Shoals:3 | Received a gift from Okawaru
 23874 | Shoals:3 | Reached skill level 10 in Dodging
 23950 | Shoals:3 | Noticed Ilsuiw
 23981 | Shoals:3 | Reached skill level 18 in Fighting
 23987 | Shoals:3 | Reached XP level 17. HP: 91/163 MP: 19/25
 23993 | Shoals:3 | Killed Ilsuiw
 23993 | Shoals:3 | Received a gift from Okawaru
 24210 | Shoals:3 | Identified the amulet "Nyekh" {+Rage rC+ MR+} (You found it on level 1 of the Shoals)
 24475 | Shoals:3 | Noticed Nikola
 24849 | Shoals:3 | Gained mutation: Potions and wands are less effective at restoring your health. [mutagenic glow]
 24868 | Shoals:3 | Killed Nikola
 24960 | Lair:3   | Gained mutation: Scrolls take you a little longer to read. [mutagenic glow]
 25071 | Shoals:4 | Entered Level 4 of the Shoals
 25086 | Shoals:4 | Reached skill level 16 in Armour
 25092 | Shoals:4 | HP: 26/165 [merfolk aquamancer/shard of ice (26)]
 25093 | Shoals:4 | Noticed Bai Suzhen
 25106 | Shoals:3 | HP: 41/165 [poisoned by a merfolk impaler]
 25111 | Shoals:3 | HP: 41/165 [poisoned by a merfolk impaler]
 25116 | Shoals:3 | HP: 41/165 [poisoned by a merfolk impaler]
 25492 | Shoals:4 | Killed Bai Suzhen
 25492 | Shoals:4 | Received a gift from Okawaru
 25492 | Shoals:4 | Reached skill level 11 in Dodging
 25630 | Shoals:4 | Got a barnacled rune of Zot
 26047 | Shoals:4 | Reached skill level 17 in Armour
 26830 | Lair:2   | Identified a +0 pair of boots of running (Okawaru gifted it to you on level 4 of the Shoals)
 27014 | D:12     | Found an iron altar of Okawaru.
 27279 | D:12     | Found a staircase to the Orcish Mines.
 27300 | D:12     | Found a roughly hewn altar of Beogh.
 27846 | Orc:1    | Entered Level 1 of the Orcish Mines
 28261 | Orc:2    | Entered Level 2 of the Orcish Mines
 28400 | Orc:2    | Found a roughly hewn altar of Beogh.
 28528 | Orc:2    | Reached XP level 18. HP: 157/174 MP: 23/26
 28570 | Orc:2    | Found a roughly hewn altar of Beogh.
 28575 | Orc:2    | Found Fehimoc's Jewellery Shop.
 28597 | Orc:2    | Found Xunn's General Store.
 28629 | Orc:2    | Found Subuishu's Antique Weapon Shop.
 28649 | Orc:2    | Found Kutsadeywe's Antique Armour Shop.
 28673 | Orc:2    | Bought a scroll of identify for 30 gold pieces
 28753 | Orc:2    | Found a staircase to the Elven Halls.
 29229 | Orc:2    | Reached skill level 12 in Dodging
 29241 | Orc:2    | Reached skill level 19 in Fighting
 29439 | D:13     | Found a gate to the Vaults.
 29573 | D:13     | Received a gift from Okawaru
 29911 | D:13     | Found a roughly hewn altar of Beogh.
 30516 | D:14     | Found Rintir's Blood Bar.
 30770 | D:15     | Entered Level 15 of the Dungeon
 30801 | D:15     | Gained mutation: Your mind is acute. (Int +2) [potion of beneficial mutation]
 30815 | D:15     | Reached skill level 18 in Armour
 30955 | D:15     | Noticed Sonja
 30973 | D:15     | Killed Sonja
 31502 | D:15     | Found a staircase to the Depths.
 31856 | D:15     | Reached skill level 13 in Dodging
 31902 | Vaults:1 | Entered Level 1 of the Vaults
 32389 | Vaults:1 | Reached skill level 21 in Axes
 32394 | Vaults:1 | Received a gift from Okawaru
 33043 | Vaults:1 | Reached XP level 19. HP: 150/184 MP: 27/27
 33661 | Vaults:2 | HP: 31/184 [fire giant/fireball (50)]
 34051 | Vaults:2 | Reached skill level 19 in Armour
 34092 | Vaults:2 | Reached skill level 20 in Fighting
 34431 | Vaults:2 | Reached skill level 14 in Dodging
 34463 | Vaults:2 | Received a gift from Okawaru
 34531 | Vaults:2 | Got a polished scale mail
 34637 | Vaults:2 | Noticed Margery
 34647 | Vaults:2 | Killed Margery
 35650 | Vaults:3 | Received a gift from Okawaru
 36029 | Vaults:3 | Reached XP level 20. HP: 183/195 MP: 28/28
 36105 | Vaults:3 | Found a staircase to the Crypt.
 36550 | Vaults:3 | Noticed Xtahua
 36565 | Vaults:3 | Killed Xtahua
 36565 | Vaults:3 | Reached skill level 22 in Axes
 36590 | Vaults:3 | Reached skill level 15 in Dodging
 37114 | Vaults:4 | Reached skill level 20 in Armour
 37549 | Vaults:4 | Reached skill level 21 in Fighting
 37678 | Vaults:4 | Received a gift from Okawaru
 38340 | Vaults:4 | Found Tinowkaill's Antique Armour Emporium.
 38550 | Vaults:4 | Upgraded the game from 0.20-a0-256-gabb291d to 0.20-a0-259-gc929cd2
 38755 | Depths:1 | Entered Level 1 of the Depths
 38919 | Depths:1 | Got an ichor-stained battleaxe
 38937 | Depths:1 | Noticed Agnes
 38948 | Depths:1 | Killed Agnes
 39522 | Depths:1 | Found a one-way gate to the infinite horrors of the Abyss.
 39702 | Depths:1 | Found a gateway to Hell.
 39764 | Depths:1 | Identified the +9 battleaxe "Caipluwau" {protect, rN+} (You found it on level 1 of the Depths)
 39795 | Depths:2 | Reached skill level 16 in Dodging
 39799 | Depths:2 | Received a gift from Okawaru
 40160 | Depths:2 | Reached XP level 21. HP: 205/205 MP: 27/29
 40199 | Depths:2 | HP: 37/205 [??? (28)]
 40208 | Depths:2 | HP: 25/205 [??? (17)]
 40213 | Depths:2 | HP: 33/205 [lich/bolt of lightning (13)]
 40215 | Depths:2 | HP: 9/205 [lich/bolt of lightning (25)]
 40740 | Depths:2 | HP: 36/206 [??? (26)]
 41342 | Depths:2 | Found a portal to a secret trove of treasure.
 41608 | Depths:2 | Found a gateway to a ziggurat.
 41901 | Depths:3 | Reached skill level 23 in Axes
 41916 | Depths:3 | Found Wunaorphe's Jewellery Boutique.
 41920 | Depths:3 | Found Qobai's Jewellery Boutique.
 41921 | Depths:3 | Found Musm's Gadget Emporium.
 41928 | Depths:3 | Bought an uncursed amulet of regeneration for 330 gold pieces
 41971 | Depths:3 | Reached skill level 4 in Shields
 42196 | Depths:3 | Reached skill level 21 in Armour
 42242 | Depths:3 | Reached skill level 5 in Shields
 42268 | Depths:3 | Received a gift from Okawaru
 42272 | Depths:3 | Reached skill level 22 in Fighting
 42347 | Depths:3 | Found a one-way gate leading to the halls of Pandemonium.
 42439 | Depths:3 | Reached skill level 6 in Shields
 42921 | Depths:3 | Noticed a juggernaut
 42955 | Depths:3 | Killed a juggernaut
 42955 | Depths:3 | Reached skill level 7 in Shields
 43028 | Depths:3 | Received a gift from Okawaru
 43271 | Depths:4 | Reached skill level 17 in Dodging
 43294 | Depths:4 | Reached skill level 8 in Shields
 43351 | Depths:4 | Noticed a golden dragon
 43367 | Depths:4 | Killed a golden dragon
 43383 | Depths:4 | Reached XP level 22. HP: 210/215 MP: 24/30
 43765 | Depths:4 | Noticed a golden dragon
 43775 | Depths:4 | Noticed a caustic shrike
 43793 | Depths:4 | Killed a caustic shrike
 43803 | Depths:4 | Killed a golden dragon
 43803 | Depths:4 | Reached skill level 9 in Shields
 43817 | Depths:4 | Noticed a caustic shrike
 43822 | Depths:4 | HP: 47/216 [sphinx/divine providence (10)]
 43829 | Depths:4 | HP: 36/216 [caustic shrike (1)]
 43834 | Depths:4 | Killed a caustic shrike
 43835 | Depths:4 | HP: 38/216 [shadow dragon (3)]
 43836 | Depths:4 | HP: 17/216 [spriggan air mage/the air (21)]
 43843 | Depths:4 | HP: 19/216 [lich/bolt of acid (1)]
 43843 | Depths:4 | HP: 6/216 [acid (13)]
 43874 | Depths:4 | Noticed a golden dragon
 43878 | Depths:4 | Killed from afar by a golden dragon

Vault maps used:
D:1:      kilobyte_arrival_exit_the_forest, st_stairs_14,
          minmay_misc_feat_rugged
D:2:      first_bread
D:3:      lemuel_crystal_altar, gup_sewer_entry_bowl
D:4:      serial_shops, nicolae_shop_competitors_out_of_business,
          nicolae_shop_waterfront, kennysheep_mini_moat,
          nicolae_shop_waterfront, shop_statue, uniq_eustachio
D:5:      minmay_misc_feat_hallway
D:6:      xom_butterflies, nicolae_dithmenos_through_a_glass_darkly,
          uniq_duvessa, uniq_edmund
D:7:      lemuel_doored_altar, yredelemnul_altar_generic,
          makhleb_altar_promises_db
D:8:      serial_shops, nicolae_shop_waterfront
D:9:      nicolae_overflow_quartered_altars, kennysheep_little_box,
          nicolae_overflow_hidden_temple, serial_shops, shop, david_nohive_1,
          serial_bayou_crossing, uniq_erica
D:10:     kennysheep_generic_room_6
D:11:     lair_entry_dummy
D:12:     minmay_orc_entry_temple_small, lab_entry_generic, okawaru_humans
D:13:     david_vaults_3, david_defended_altar_orc
D:14:     guppyfry_shop_blood
D:15:     gammafunk_enter_depths_forms, minmay_misc_feat_cross,
          argonaut_gorgonesque, uniq_sonja
Temple:   nicolae_temple_figure_zero
Lair:1:   ldierk_geyser, infiniplex_staircase_pool_2
Lair:2:   spider_nest_entry_web_field, serial_bayou_ford_a
Lair:3:   regret_index_bee_streams, elwin_shoals_entry_stream,
          minmay_lair_oklob_chamber, uniq_urug, uniq_snorg
Lair:4:   grunt_megastairs_3, uniq_kirke
Lair:5:   slime_altar_2, tgw_fedhas, infiniplex_staircase_pool
Lair:6:   minmay_lair_end_frog_pond, serial_bayou_lagoon_b
Shoals:2: serial_shops, nicolae_shop_window_shopping, nicolae_shop_statue_plus,
          nicolae_shop_waterfront, nicolae_shop_window_shopping
Shoals:3: uniq_nikola, uniq_ilsuiw
Shoals:4: shoals_end_grunt_ice, shoals_ilsuiw_alternative, uniq_bai_suzhen
Spider:1: lemuel_spider_zombies, uniq_asterion
Spider:2: nicolae_looking_at_the_future
Spider:3: portal_ice_cave_entry_pillars_1
Spider:4: grunt_spider_rune_circles, uniq_mara
Orc:2:    grunt_orc_cross, mines2_david
Vaults:1: hangedman_vaults_maws, v_misc_13, ontoclasm_vaults_ligature,
          nicolae_vaults_network_barrier, ontoclasm_vaults_spin,
          nicolae_vaults_alarming, vaults_room_ringed_pool,
          nicolae_vaults_specimen_jars, vaults_dpeg_encased_lava,
          vaults_mumra_minichess, vaults_room_semicircle
Vaults:2: v_pattern_4, v_misc_31, nicolae_vaults_network_quinsquares,
          hangedman_vaults_restitches, v_alt_pattern_1, v_misc_30,
          grunt_vaults_hallway_short, hangedman_vaults_slice,
          nicolae_vaults_little_squares_3, uniq_margery
Vaults:3: vaults_room_pool, grunt_vaults_hallway_long, v_misc_27,
          hangedman_vaults_nails, st_lines, ontoclasm_vaults_gateway,
          hangedman_vaults_maws, minmay_crypt_entry_skeletal_spiral, uniq_xtahua
Vaults:4: ontoclasm_vaults_fault, v_misc_14, v_rooms_1, vaults_mumra_bighexcomb,
          v_misc_17, nicolae_vaults_network_square, ontoclasm_vaults_idyll,
          v_misc_29, vaults_room_door_ring, ontoclasm_vaults_loading_screen,
          serial_shops, shop
Depths:1: kennysheep_scales, dk_noncrumbling_4, grunt_hell_entry_dis_grunt,
          abyss_entry, sword_in_stone
Depths:2: cheibrodos_tormentor_scu, enter_ziggurat_a,
          nicolae_trove_entry_free_sample, hell_entry
Depths:3: grunt_deathspiral_small, hell_entry, kennysheep_doodads, pan_entry,
          hangedman_corner_corridor, minmay_shop_grove, serial_bayou_shore_b,
          infiniplex_staircase_zigzag_4
Depths:4: minmay_tearing_corner, abyss_entry, hangedman_geh_valley,
          lightli_giant_bouncers, minmay_staircase_bubble
Sewer:    sewer_the_crocodile
IceCv:    ice_cave_statue_garden_chambered

Skill      XL: |  1  2  3  4  5  6  7  8  9 10 11 12 13 14 15 16 17 18 19 20 21 22 |
---------------+-------------------------------------------------------------------+-----
Fighting       | 4 5 6 7 8 10 11 12 13 14 15 16 18 19 20 21 22 | 22.4
Axes           | 3 4 5 6 7 9 11 12 14 16 18 19 20 21 22 23 | 23.5
Invocations    | 2 4 6 8 9 11 12 | 12.5
Armour         | 8 12 15 17 18 19 20 21 | 21.5
Dodging        | 4 7 10 11 13 14 16 17 | 17.3
Shields        | 8 9 |  9.6

Action                   |  1- 3 |  4- 6 |  7- 9 | 10-12 | 13-15 | 16-18 | 19-21 | 22-24 || total
-------------------------+-------+-------+-------+-------+-------+-------+-------+-------++-------
Melee: War axe           |    79 |   114 |   326 |   318 |       |       |       |       ||   837
       Headbutt          |     9 |    11 |    65 |   127 |   278 |   445 |   540 |    54 ||  1529
       Broad axe         |       |       |       |   269 |  1045 |  1406 |  1431 |   134 ||  4285
       Morningstar       |       |       |       |       |    15 |       |       |       ||    15
       Executioner's axe |       |       |       |       |       |    48 |       |       ||    48
       Demon whip        |       |       |       |       |       |     3 |       |       ||     3
       Battleaxe         |       |       |       |       |       |       |    15 |       ||    15
Throw: Tomahawk          |       |       |       |    83 |    18 |       |       |       ||   101
Invok: Heroism           |       |       |     8 |    15 |    14 |    20 |    15 |     2 ||    74
       Finesse           |       |       |       |     1 |     8 |    12 |     8 |     2 ||    31
Evoke: Wand              |       |       |       |     8 |     3 |     4 |     5 |     2 ||    22
  Use: Scroll            |       |     3 |     6 |    19 |     9 |    12 |     9 |       ||    58
       Potion            |       |     1 |     1 |       |       |     4 |     1 |     1 ||     8
 Stab: Distracted        |       |       |       |     2 |       |       |     1 |       ||     3
       Held in net/web   |       |       |       |       |     2 |       |       |       ||     2
  Eat: Chunk             |     2 |     4 |    11 |    13 |    15 |    28 |    31 |     1 ||   105
       Pizza             |     1 |       |     1 |     1 |       |     2 |       |       ||     5
       Beef jerky        |       |       |     1 |     1 |     2 |     5 |       |       ||     9
       Royal jelly       |       |       |       |     3 |       |       |       |       ||     3
       Fruit             |       |       |       |     1 |     4 |       |     3 |       ||     8
Armor: Scale mail        |    20 |    46 |    41 |   235 |   329 |    53 |       |       ||   724
       Chain mail        |       |       |    82 |       |       |       |       |       ||    82
       Crystal plate arm |       |       |       |       |       |   593 |   478 |    43 ||  1114
Dodge: Dodged            |    17 |    39 |    84 |   160 |   249 |   419 |   407 |    41 ||  1416
Block: Shield            |    43 |    59 |   129 |   254 |   354 |   585 |   512 |    56 ||  1992
       Reflection        |       |       |       |       |       |    17 |    62 |     5 ||    84

Vault maps used:
D:1:      kilobyte_arrival_exit_the_forest, st_stairs_14,
          minmay_misc_feat_rugged
D:2:      first_bread
D:3:      lemuel_crystal_altar, gup_sewer_entry_bowl
D:4:      serial_shops, nicolae_shop_competitors_out_of_business,
          nicolae_shop_waterfront, kennysheep_mini_moat,
          nicolae_shop_waterfront, shop_statue, uniq_eustachio
D:5:      minmay_misc_feat_hallway
D:6:      xom_butterflies, nicolae_dithmenos_through_a_glass_darkly,
          uniq_duvessa, uniq_edmund
D:7:      lemuel_doored_altar, yredelemnul_altar_generic,
          makhleb_altar_promises_db
D:8:      serial_shops, nicolae_shop_waterfront
D:9:      nicolae_overflow_quartered_altars, kennysheep_little_box,
          nicolae_overflow_hidden_temple, serial_shops, shop, david_nohive_1,
          serial_bayou_crossing, uniq_erica
D:10:     kennysheep_generic_room_6
D:11:     lair_entry_dummy
D:12:     minmay_orc_entry_temple_small, lab_entry_generic, okawaru_humans
D:13:     david_vaults_3, david_defended_altar_orc
D:14:     guppyfry_shop_blood
D:15:     gammafunk_enter_depths_forms, minmay_misc_feat_cross,
          argonaut_gorgonesque, uniq_sonja
Temple:   nicolae_temple_figure_zero
Lair:1:   ldierk_geyser, infiniplex_staircase_pool_2
Lair:2:   spider_nest_entry_web_field, serial_bayou_ford_a
Lair:3:   regret_index_bee_streams, elwin_shoals_entry_stream,
          minmay_lair_oklob_chamber, uniq_urug, uniq_snorg
Lair:4:   grunt_megastairs_3, uniq_kirke
Lair:5:   slime_altar_2, tgw_fedhas, infiniplex_staircase_pool
Lair:6:   minmay_lair_end_frog_pond, serial_bayou_lagoon_b
Shoals:2: serial_shops, nicolae_shop_window_shopping, nicolae_shop_statue_plus,
          nicolae_shop_waterfront, nicolae_shop_window_shopping
Shoals:3: uniq_nikola, uniq_ilsuiw
Shoals:4: shoals_end_grunt_ice, shoals_ilsuiw_alternative, uniq_bai_suzhen
Spider:1: lemuel_spider_zombies, uniq_asterion
Spider:2: nicolae_looking_at_the_future
Spider:3: portal_ice_cave_entry_pillars_1
Spider:4: grunt_spider_rune_circles, uniq_mara
Orc:2:    grunt_orc_cross, mines2_david
Vaults:1: hangedman_vaults_maws, v_misc_13, ontoclasm_vaults_ligature,
          nicolae_vaults_network_barrier, ontoclasm_vaults_spin,
          nicolae_vaults_alarming, vaults_room_ringed_pool,
          nicolae_vaults_specimen_jars, vaults_dpeg_encased_lava,
          vaults_mumra_minichess, vaults_room_semicircle
Vaults:2: v_pattern_4, v_misc_31, nicolae_vaults_network_quinsquares,
          hangedman_vaults_restitches, v_alt_pattern_1, v_misc_30,
          grunt_vaults_hallway_short, hangedman_vaults_slice,
          nicolae_vaults_little_squares_3, uniq_margery
Vaults:3: vaults_room_pool, grunt_vaults_hallway_long, v_misc_27,
          hangedman_vaults_nails, st_lines, ontoclasm_vaults_gateway,
          hangedman_vaults_maws, minmay_crypt_entry_skeletal_spiral, uniq_xtahua
Vaults:4: ontoclasm_vaults_fault, v_misc_14, v_rooms_1, vaults_mumra_bighexcomb,
          v_misc_17, nicolae_vaults_network_square, ontoclasm_vaults_idyll,
          v_misc_29, vaults_room_door_ring, ontoclasm_vaults_loading_screen,
          serial_shops, shop
Depths:1: kennysheep_scales, dk_noncrumbling_4, grunt_hell_entry_dis_grunt,
          abyss_entry, sword_in_stone
Depths:2: cheibrodos_tormentor_scu, enter_ziggurat_a,
          nicolae_trove_entry_free_sample, hell_entry
Depths:3: grunt_deathspiral_small, hell_entry, kennysheep_doodads, pan_entry,
          hangedman_corner_corridor, minmay_shop_grove, serial_bayou_shore_b,
          infiniplex_staircase_zigzag_4
Depths:4: minmay_tearing_corner, abyss_entry, hangedman_geh_valley,
          lightli_giant_bouncers, minmay_staircase_bubble
Sewer:    sewer_the_crocodile
IceCv:    ice_cave_statue_garden_chambered

Table legend:
 A = Turns spent in this place as a percentage of turns spent in the entire game.
 B = Non-inter-level travel turns spent in this place as a percentage of non-inter-level travel turns spent in the entire game.
 C = Inter-level travel turns spent in this place as a percentage of turns spent in this place.
 D = Turns resting spent in this place as a percentage of non-inter-level travel turns spent in this place.
 E = Turns spent auto-exploring this place as a percentage of non-inter-level travel turns spent in this place.
 F = Non-inter-level travel turns spent in this place divided by the number of levels of this place that you've seen.
                   A       B       C       D       E      F
               +-------+-------+-------+-------+-------+----------------------
         Total | 100.0 | 100.0 |   0.5 |   2.5 |   7.7 | 302.9
       Dungeon |  24.8 |  24.7 |   0.7 |   2.5 |  12.3 | 209.9
        Temple |   0.1 |   0.1 |   9.1 |   0.0 |  50.0 |  10.0
          Lair |  14.0 |  13.9 |   0.7 |   1.7 |   7.4 | 295.3
        Shoals |  11.9 |  11.9 |   0.6 |   3.7 |   6.6 | 377.5
   Spider Nest |  12.3 |  12.4 |   0.3 |   3.6 |   3.2 | 393.5
  Orcish Mines |   4.0 |   4.0 |   1.0 |   1.0 |   6.3 | 253.5
        Vaults |  15.0 |  15.1 |   0.3 |   2.0 |   8.6 | 479.2
        Depths |  15.7 |  15.7 |   0.2 |   1.8 |   4.9 | 499.8
         Sewer |   0.3 |   0.3 |   0.0 |   9.1 |  15.9 |  44.0
      Ice Cave |   1.9 |   1.9 |   0.0 |   6.2 |   0.0 | 241.0
               +-------+-------+-------+-------+-------+----------------------

Table legend:
 A = Kills in this place as a percentage of kills in entire the game.
 B = Kills by you in this place as a percentage of kills by you in the entire game.
 C = Kills by friends in this place as a percentage of kills by friends in the entire game.
 D = Other kills in this place as a percentage of other kills in the entire game.
 E = Experience gained in this place as a percentage of experience gained in the entire game.
 F = Experience gained in this place divided by the number of levels of this place that you have seen.
                   A       B       C       D       E      F
               +-------+-------+-------+-------+-------+----------------------
         Total | 100.0 | 100.0 |  -nan | 100.0 | 100.0 | 17796.1
       Dungeon |  26.4 |  26.5 |  -nan |   0.0 |   8.8 | 4361.8
          Lair |  14.3 |  14.3 |  -nan |  12.5 |   7.8 | 9722.8
        Shoals |   8.9 |   8.9 |  -nan |   0.0 |  12.6 | 23484.0
   Spider Nest |  12.6 |  12.7 |  -nan |   0.0 |  12.8 | 23857.2
  Orcish Mines |   5.8 |   5.8 |  -nan |   0.0 |   2.5 | 9176.5
        Vaults |  18.3 |  18.1 |  -nan |  62.5 |  26.8 | 50039.8
        Depths |  12.0 |  12.0 |  -nan |  25.0 |  27.6 | 51533.8
         Sewer |   0.4 |   0.4 |  -nan |   0.0 |   0.0 | 115.0
      Ice Cave |   1.3 |   1.4 |  -nan |   0.0 |   1.3 | 9547.0
               +-------+-------+-------+-------+-------+----------------------
